 Dungeon Sprint DCSS version 0.31-a0-845-g9abc20d24f (webtiles) character file.

Game seed: 10455203288478480242

37608 rocky1 the Phalangite (level 13, -7/144 HPs)
             Began as a Naga Gladiator on Oct 2, 2023.
             Was the Champion of Cheibriados.
             Mangled by a stone giant (33 damage)
             ... in the Dungeon (Sprint VII: "The Pits").
             The game lasted 00:18:00 (4057 turns).

rocky1 the Phalangite (Naga Gladiator)              Turns: 4057, Time: 00:18:01

Health: -7/144     AC: 18    Str: 31    XL:     13   Next: 97%
Magic:  4/25       EV: 14    Int: 25    God:    Cheibriados [******]
Gold:   28         SH:  0    Dex: 29    Spells: 29/29 levels left

rFire   + . .        S - +3 glaive (heavy)
rCold   . . .        (shield currently unavailable)
rNeg    . . .        X - +5 scale mail of Ideos {Str-3 Slay+3 Stlth+}
rPois   +            c - +0 helmet
rElec   .            O - +0 cloak
rCorr   .            V - +1 pair of gloves {hurl}
SInv    +            (no barding)
Will    ++...        (no amulet)
Stlth   ++           D - ring of willpower
HPRegen 0.44/turn    I - ring of protection from fire
MPRegen 0.19/turn

%: no teleportation
@: mighty, studying Throwing, invisible (expiring), very slow
A: AC +4, large, see invisible, deformed body, poison resistance, slowness 2,
spit poison 1, naga tail 2
a: Spit Poison, Renounce Religion, Bend Time, Temporal Distortion, Slouch, Step
From Time


You were in the Dungeon.
You worshipped Cheibriados.
Cheibriados was exalted by your worship.
You visited 1 branch You collected 28 gold pieces.

Inventory:

Hand Weapons
 R - the +8 autumn katana {manifold assault}
   (You found it in the Dungeon)
 S - a +3 heavy glaive (weapon)
Missiles
 d - 2 throwing nets (quivered)
 e - a javelin
 y - 4 curare-tipped darts
 K - 2 silver javelins
 L - 7 boomerangs
Armour
 c - a +0 helmet (worn)
 O - a +0 cloak (worn)
 V - a +1 pair of gloves of hurling (worn)
 W - +2 gold dragon scales
 X - the +5 scale mail of Ideos (worn) {Str-3 Slay+3 Stlth+}
   (You found it in the Dungeon)

   Str-3:     It affects your strength (-3).
   Slay+3:    It affects your accuracy & damage with ranged weapons and melee
   (+3).
   Stlth+:    It makes you more stealthy.
Jewellery
 s - a +3 ring of protection
 t - a +3 ring of evasion
 C - a ring of fire
 D - a ring of willpower (left hand)
 I - a ring of protection from fire (right hand)
Wands
 b - a wand of flame (11)
 q - a wand of mindburst (14)
 x - a wand of light (6)
 M - a wand of polymorph (7)
Scrolls
 m - 2 scrolls of vulnerability
 n - 5 scrolls of amnesia
 o - a scroll of summoning
 B - 2 scrolls of fog
 F - 2 scrolls of identify
 G - 4 scrolls of enchant weapon
 H - 6 scrolls of enchant armour
 J - a scroll of fear
Potions
 f - 7 potions of curing
 g - 10 potions of heal wounds
 h - 2 potions of haste
 i - 3 potions of magic
 j - a potion of berserk rage
 l - a potion of invisibility
 u - 3 potions of mutation
 v - 2 potions of might
 z - 3 potions of resistance
 A - a potion of brilliance


   Skills:
 + Level 17.2 Fighting
 + Level 8.7 Long Blades
 - Level 26.3 Polearms
 - Level 2.0 Throwing
 - Level 5.7 Armour
 - Level 6.6 Dodging
 - Level 8.6 Spellcasting
 - Level 12.9 Invocations


You had 29 spell levels left.
You didn't know any spells.
Your spell library contained the following spells:

 Spells                   Type           Power      Damage    Failure   Level
 Poisonous Vapours        Pois/Air       20%        N/A       17%         2
 Mephitic Cloud           Conj/Pois/Air  10%        N/A       32%         3
 Freezing Cloud           Conj/Ice/Air   5%         6-21      97%         5


Dungeon Overview and Level Annotations

Branches:
Dungeon (1/1)

Altars:
Ashenzari
Cheibriados
Dithmenos
Elyvilon
Fedhas
Gozag
Hepliaklqana
Kikubaaqudgha
Makhleb
Nemelex Xobeh
Okawaru
Qazlal
Ru
Sif Muna
Trog
Uskayaw
Vehumet
Wu Jian
Xom
Yredelemnul
Zin
The Shining One
Jiyva
Lugonu


Innate Abilities, Weirdness & Mutations

Your serpentine skin is tough. (AC +4)
You have supernaturally acute eyesight. (SInv)
Armour fits poorly on your strangely shaped body.
Your system is resistant to poisons. (rPois)
You cover ground very slowly.
You can spit poison.
You can use your snake-like lower body to constrict enemies.


Message History

Your Long Blades skill increases to level 8!
An orc warrior comes into view.
It is wielding a +0 battleaxe and wearing a +3 scale mail of willpower.
Unknown command.
Reach: S) +3 glaive (heavy)
Press: ? - help, Dir - move target, f - rakshasa
Aim: a rakshasa, wielding a +0 trident and wearing a +0 robe (about 28% to evade your +3 heavy glaive)
You reach to attack!
You barely miss the rakshasa.
A stone giant comes into view.
The rakshasa hits you but does no damage.
You slash the orc priest!
You kill the orc priest!
Cheibriados appreciates the change of pace.
A shadow wraith comes into view.
The rakshasa misses you.
Unknown command.
Throw: 2 throwing nets
Press: ? - help, Q - select action, (/) - cycle Shift-Dir - straight line, f/p - rakshasa
Aim: a rakshasa, wielding a +0 trident and wearing a +0 robe (67% to hit)
Okay, then.
Reach: S) +3 glaive (heavy)
Press: ? - help, Dir - move target, f/p - rakshasa
Aim: a rakshasa, wielding a +0 trident and wearing a +0 robe (about 28% to evade your +3 heavy glaive)
You reach to attack!
You slash the rakshasa!
The rakshasa is lightly wounded.
The rakshasa hits you from afar with a +0 trident.
* * * LOW HITPOINT WARNING * * *
An ice devil comes into view.
The stone giant hits you!
* * * LOW HITPOINT WARNING * * *
The rakshasa closely misses you.
Unknown command.
You feel much better.
You flicker for a moment.
The stone giant hits you!!
* * * LOW HITPOINT WARNING * * *
The rakshasa hits you from afar with a +0 trident!
* * * LOW HITPOINT WARNING * * *
Unknown command.
You feel much better. The stone giant hits you!!
You die... #.... #.... +..#. +.... #.... #######################..#. #....................''.... #.........@..........''.... #..#######C########..##..#. #..# W#R

#..##[... #..# .# #W #..##)...
#..# $# #t #..####'' #..# .# #z
#..####)' #..# .# #) #..##....
#..################..##.#'#
#######....................##.#.[


You could see an alligator snapping turtle (wandering, unable to see you), a
stone giant (unable to see you), a rakshasa, a skeletal warrior (wandering,
unable to see you) and 2 shadow wraiths.

Vanquished Creatures
  An acid blob (D)
  A death cob (D)
  A storm dragon (D)
  A ghost moth (D)
  2 orc warlords (D)
  A draconian shifter (D)
  A yellow draconian (D)
  A deep elf annihilator (D)
  An eidolon (D)
  A merfolk javelineer (D)
  A great orb of eyes (D)
  A yaktaur captain (D)
  An anaconda (D)
  A merfolk avatar (D)
  2 naga warriors (D)
  An alligator snapping turtle (D)
  A two-headed ogre (D)
  2 demonic crawlers (D)
  Sonja (D)
  4 deep elf knights (D)
  A fire crab (D)
  A shadow wraith (D)
  A sea snake (D)
  A swamp dragon (D)
  2 bog bodies (D)
  A spriggan druid (D)
  2 phantasmal warriors (D)
  A lindwurm (D)
  13 orc knights (D)
  A wolf spider (D)
  A cyclops (D)
  A manticore (D)
  A rust devil (D)
  A smoke demon (D)
  A molten gargoyle (D)
  A cane toad (D)
  A kobold demonologist (D)
  An unseen horror (D)
  2 ice devils (D)
  A red devil (D)
  A polar bear (D)
  A wandering mushroom (D)
  3 merfolk (D)
  A tarantella (D)
  A troll (D)
  2 hornets (D)
  A tyrant leech (D)
  3 blink frogs (D)
  A jumping spider (D)
  A flying skull (D)
  A shadow (D)
  A ynoxinul (D)
  A water elemental (D)
  A wyvern (D)
  2 vampires (D)
  Eustachio (D)
  2 basilisks (D)
  A redback (D)
  3 floating eyes (D)
  4 orc warriors (D)
  A black bear (D)
  A centaur (D)
  Blork the orc (D)
  A bullfrog (D)
  A necrophage (D)
  A gnoll sergeant (D)
  A scorpion (D)
  3 killer bees (D)
  A crimson imp (D)
  3 orc priests (D)
  An iron imp (D)
  A jelly (D)
  2 orc wizards (D)
  2 mummies (D)
  3 gnolls (D)
  2 white imps (D)
  An adder skeleton (D)
  5 orcs (D)
  An endoplasm (D)
  A giant cockroach (D)
  4 goblins (D)
  7 jackals (D)
  A quokka (D)
  2 ball pythons (D)
  2 ball python simulacra (D)
  A ball python skeleton (D)
  A ball python zombie (D)
  A quokka skeleton (D)
145 creatures vanquished.

Notes
Turn   | Place    | Note
-------+----------+-------------------------------------------
     0 | D        | rocky1 the Naga Gladiator began the quest for the Orb.
     0 | D        | Reached XP level 1. HP: 19/19 MP: 1/1
    23 | D        | Found a bloodstained altar of Trog.
    23 | D        | Found a shimmering blue altar of Sif Muna.
    23 | D        | Found a viscous altar of Jiyva.
    23 | D        | Found a hazy altar of Hepliaklqana.
    23 | D        | Found an opulent altar of Gozag.
    24 | D        | Found a glowing golden altar of the Shining One.
    24 | D        | Found a glowing silver altar of Zin.
    24 | D        | Found a basalt altar of Yredelemnul.
    24 | D        | Found a shimmering altar of Xom.
    24 | D        | Found an ornate altar of the Wu Jian Council.
    24 | D        | Found a sacrificial altar of Ru.
    24 | D        | Found a stormy altar of Qazlal.
    24 | D        | Found an iron altar of Okawaru.
    24 | D        | Found a sparkling altar of Nemelex Xobeh.
    24 | D        | Found a burning altar of Makhleb.
    24 | D        | Found a blossoming altar of Fedhas.
    24 | D        | Found a white marble altar of Elyvilon.
    24 | D        | Found a shadowy altar of Dithmenos.
    24 | D        | Found a snail-covered altar of Cheibriados.
    27 | D        | Found a corrupted altar of Lugonu.
    27 | D        | Found a radiant altar of Vehumet.
    28 | D        | Found an ancient bone altar of Kikubaaqudgha.
    28 | D        | Found a hide-covered altar of Uskayaw.
    28 | D        | Found a broken altar of Ashenzari.
    35 | D        | Became a worshipper of Cheibriados the Contemplative
    76 | D        | Reached * piety under Cheibriados
    81 | D        | Noticed a floating eye
    84 | D        | Reached XP level 2. HP: 27/27 MP: 2/2
    84 | D        | Paralysed by a floating eye for 2 turns
    87 | D        | Paralysed by a floating eye for 2 turns
    95 | D        | Reached ** piety under Cheibriados
    96 | D        | Paralysed by a floating eye for 4 turns
   101 | D        | Reached *** piety under Cheibriados
   104 | D        | Killed a floating eye
   105 | D        | Reached skill level 5 in Polearms
   105 | D        | Reached XP level 3. HP: 22/37 MP: 2/5
   105 | D        | Reached XP level 4. HP: 27/45 MP: 2/6
   175 | D        | Noticed a centaur
   178 | D        | Reached XP level 5. HP: 49/51 MP: 6/8
   178 | D        | Reached **** piety under Cheibriados
   179 | D        | Reached ***** piety under Cheibriados
   186 | D        | Killed a centaur
   187 | D        | Reached skill level 5 in Fighting
   187 | D        | Reached skill level 6 in Polearms
   187 | D        | Reached skill level 5 in Dodging
   187 | D        | Reached skill level 5 in Invocations
   389 | D        | Noticed a flying skull
   394 | D        | Killed a flying skull
   394 | D        | Reached ****** piety under Cheibriados
   395 | D        | Reached skill level 7 in Polearms
   395 | D        | Reached XP level 6. HP: 57/63 MP: 3/10
   403 | D        | Reached skill level 5 in Armour
   403 | D        | Reached XP level 7. HP: 54/70 MP: 4/12
   412 | D        | Paralysed by a floating eye for 3 turns
   637 | D        | Noticed a tyrant leech
   650 | D        | Killed a tyrant leech
   651 | D        | Reached skill level 9 in Polearms
   651 | D        | Reached XP level 8. HP: 81/81 MP: 12/14
   824 | D        | Noticed a lindwurm
   824 | D        | Noticed a death cob
   826 | D        | Killed a death cob
   826 | D        | Killed a lindwurm
   827 | D        | Reached skill level 10 in Fighting
   827 | D        | Reached skill level 12 in Polearms
   827 | D        | Reached skill level 10 in Invocations
   827 | D        | Reached XP level 9. HP: 65/94 MP: 4/17
  1240 | D        | Noticed a bog body
  1242 | D        | Reached skill level 13 in Polearms
  1244 | D        | Killed a bog body
  1353 | D        | Noticed a demonic crawler
  1360 | D        | Noticed a two-headed ogre
  1363 | D        | Killed a demonic crawler
  1364 | D        | Reached skill level 14 in Polearms
  1364 | D        | Reached XP level 10. HP: 38/105 MP: 12/19
  1364 | D        | Killed a two-headed ogre
  1365 | D        | Reached skill level 15 in Polearms
  1367 | D        | Noticed an orc knight
  1374 | D        | Killed an orc knight
  1585 | D        | Noticed a shadow wraith
  1587 | D        | Reached skill level 16 in Polearms
  1592 | D        | Killed a shadow wraith
  1599 | D        | Reached XP level 11. HP: 116/116 MP: 15/20
  1627 | D        | Noticed a sea snake
  1634 | D        | Killed a sea snake
  1635 | D        | Reached skill level 17 in Polearms
  1716 | D        | Noticed a demonic crawler
  1721 | D        | Killed a demonic crawler
  1722 | D        | Reached skill level 5 in Spellcasting
  1826 | D        | Noticed a phantasmal warrior
  1826 | D        | Noticed Eustachio
  1827 | D        | Noticed Blork the orc
  1828 | D        | Noticed Sonja
  1828 | D        | Noticed a manticore
  1829 | D        | Killed Sonja
  1835 | D        | Reached skill level 18 in Polearms
  1835 | D        | Killed Blork the orc
  1835 | D        | Killed a phantasmal warrior
  1835 | D        | Killed a manticore
  1841 | D        | Killed Eustachio
  1983 | D        | Noticed a merfolk javelineer
  1988 | D        | Killed a merfolk javelineer
  1989 | D        | Reached skill level 19 in Polearms
  1989 | D        | Reached XP level 12. HP: 124/129 MP: 2/23
  2346 | D        | Reached skill level 15 in Fighting
  2505 | D        | Noticed a great orb of eyes
  2505 | D        | Noticed an eidolon
  2505 | D        | Noticed a deep elf annihilator
  2505 | D        | Noticed a purple draconian shifter
  2507 | D        | Reached skill level 20 in Polearms
  2508 | D        | Killed a deep elf annihilator
  2509 | D        | Killed an eidolon
  2510 | D        | Reached skill level 21 in Polearms
  2510 | D        | Killed a great orb of eyes
  2512 | D        | Killed a purple draconian shifter
  2784 | D        | Reached skill level 22 in Polearms
  3013 | D        | Noticed an orc warlord
  3013 | D        | Noticed an orc warlord
  3030 | D        | Killed an orc warlord
  3031 | D        | Reached skill level 23 in Polearms
  3041 | D        | Killed an orc warlord
  3042 | D        | Gained mutation: You can use your snake-like lower body to
                  | constrict enemies. [Naga growth]
  3042 | D        | Reached XP level 13. HP: 60/138 MP: 14/25
  3047 | D        | Reached skill level 24 in Polearms
  3424 | D        | Noticed a storm dragon
  3432 | D        | Killed a storm dragon
  3433 | D        | Reached skill level 25 in Polearms
  3458 | D        | Reached skill level 26 in Polearms
  3664 | D        | Found the +8 autumn katana {manifold assault}
  3775 | D        | Noticed a yaktaur captain
  3775 | D        | Noticed a yellow draconian
  3783 | D        | Killed a yaktaur captain
  3789 | D        | Killed a yellow draconian
  3882 | D        | Got the +5 scale mail of Ideos {Str-3 Slay+3 Stlth+}
  4032 | D        | Noticed a ghost moth
  4036 | D        | Reached skill level 5 in Long Blades
  4038 | D        | Killed a ghost moth
  4045 | D        | Noticed a rakshasa
  4050 | D        | Noticed an acid blob
  4052 | D        | Killed an acid blob
  4053 | D        | Noticed a stone giant
  4056 | D        | HP: 6/144 [rakshasa/+0 trident (13)]
  4057 | D        | Mangled by a stone giant

Illustrated notes

Levels and vault maps discovered:
D:        pitsprint [storerooms_1, entrance_room_1, metal_vault_1, armoury_2,
          mini_pit_1, grid_room_1, main_hall_1, silver_pit, the_coven_2,
          the_vestibule_1, steel_vault_5, golden_pit, hallway_of_sentries,
          crystal_vault_5, iron_vault_1, final_vault]

Skill      XL: |  1  2  3  4  5  6  7  8  9 10 11 12 13 |
---------------+----------------------------------------+-----
Dodging        | 3 4 6 |  6.6
Throwing       | 2 |  2.0
Fighting       | 4 6 7 10 11 12 14 15 17 | 17.2
Polearms       | 5 7 9 12 14 16 19 23 26 | 26.3
Armour         | 2 3 4 5 |  5.7
Invocations    | 3 4 6 8 10 12 | 12.9
Spellcasting   | 3 7 8 |  8.6
Long Blades    | 8 |  8.7

Action                     |  1- 3 |  4- 6 |  7- 9 | 10-12 | 13-15 || total
---------------------------+-------+-------+-------+-------+-------++-------
  Melee: Trident           |    26 |    21 |    48 |       |       ||    95
         Punch             |       |     1 |       |       |       ||     1
         Halberd           |       |       |    12 |    88 |    68 ||   168
         Glaive            |       |       |       |       |    20 ||    20
         Constrict         |       |       |       |       |    14 ||    14
  Throw: Throwing net      |       |       |       |       |     1 ||     1
 Invoke: Slouch            |       |     1 |     4 |    24 |     7 ||    36
Ability: Spit Poison       |       |       |       |     1 |       ||     1
    Use: Potion            |       |       |     2 |     3 |     9 ||    14
         Scroll            |       |       |       |     1 |       ||     1
   Stab: Held in net/web   |       |       |       |       |     6 ||     6
         Invisible         |       |       |       |       |     1 ||     1
 Armour: Leather armour    |    30 |    16 |       |       |       ||    46
         Scale mail        |       |     9 |    22 |    19 |    66 ||   116
         Chain mail        |       |       |    15 |    49 |       ||    64
  Dodge: Dodged            |    10 |    24 |    35 |    65 |    48 ||   182

Table legend: (Time is in decaauts)
 A = Elapsed time spent in this place.
 B = Non-inter-level travel time spent in this place.
 C = Inter-level travel time spent in this place.
 D = Time resting spent in this place.
 E = Time spent auto-exploring this place.
 F = Levels seen in this place.
 G = Mean time per level.
                   A        B        C        D        E       F      G
               +--------+--------+--------+--------+--------+-----+--------+
         Total |   5557 |   5372 |    185 |   2632 |      0 |   1 | 5557.0 |
       Dungeon |   5557 |   5372 |    185 |   2632 |      0 |   1 | 5557.0 |
               +--------+--------+--------+--------+--------+-----+--------+

Top non-repeatable levels by time:
       D: 5557 daAuts
